Coyotes vs Canucks

Created - Monday, December 22, 2014 at 22:29

Goals
1 2 3 T
Coyotes 0 0 1 1
Canucks 1 1 2 4
Shots
1 2 3 T
Coyotes 7 6 11 24
Canucks 6 11 11 28

1st period

1. Canucks , Victor Hedman 9 (Mason Raymond, Ben Bishop) at 6:26

Penalties :
No Penalty

2nd period

2. Canucks , James Wright 3 (Andrei Markov, Boyd Gordon) at 8:10 (SH)

Penalties :
T.J. Brennan (Ari) for High sticking (Minor) at 3:59, Jared Cowen (Van) for Hooking (Minor) at 7:41

3rd period

3. Canucks , Clarke MacArthur 13 (Pavel Datsyuk) at 2:03 (PP)
4. Coyotes , David Jones 2 (Jaden Schwartz, Stephen Weiss) at 5:54
5. Canucks , Cody Hodgson 7 (Ryane Clowe, Niklas Hjalmarsson) at 7:15

Penalties :
Tom Gilbert (Ari) for Hooking (Minor) at 1:58, Ryane Clowe (Van) for High sticking (Minor) at 3:02

Goalie Stats

Malcolm Subban (Ari), 24 saves from 28 shots - (0.857), L, 0-3-0, 58:58 minutes
Carter Hutton (Ari), 0 saves from 0 shots - (0.000), 1:02 minutes
Ben Bishop (Van), 23 saves from 24 shots - (0.958), W, 23-4-5, 60:00 minutes

Players Stats for Coyotes

Player Name              G  A  P  +/- PIM S  H  SB GA TA FO     MP     PP MP  PK MP  
------------------------------------------------------------------------------------
Aaron Palushaj           0  0  0   0  0   1  1  0  0  1  0/0    11:18   0:00   0:00 
Dale Weise               0  0  0  -1  0   0  0  0  0  2  0/0     9:28   0:22   0:00 
David Jones              1  0  1   0  0   2  2  0  4  1  1/2    20:27   2:03   0:00 
Drayson Bowman           0  0  0  -1  0   0  0  1  1  2  0/0     8:47   0:00   0:00 
Eric Nystrom             0  0  0  -1  0   0  0  0  1  1  0/0    19:32   1:33   2:04 
Evan Oberg               0  0  0  -1  0   0  0  1  0  0  0/0    16:57   0:00   0:48 
Jaden Schwartz           0  1  1   0  0   5  0  0  4  1  0/1    20:02   2:03   0:21 
Joakim Andersson         0  0  0  -1  0   1  0  1  2  1  5/8    14:52   0:00   0:00 
Mark Borowiecki          0  0  0   0  0   0  3  6  1  3  0/0    24:10   1:56   1:21 
Markus Granlund          0  0  0  -1  0   3  1  1  2  0  4/20   21:41   1:33   1:43 
Matt Gilroy              0  0  0  -1  0   2  0  0  0  0  0/0    15:18   0:00   0:00 
Michael Kostka           0  0  0  -1  0   1  1  1  1  2  0/0    24:04   2:02   0:43 
Michal Jordan            0  0  0   0  0   0  0  0  0  0  0/0     0:00   0:00   0:00 
Paul Byron               0  0  0   0  0   0  0  0  1  0  0/0    12:41   0:22   0:00 
Pierre-Marc Bouchard     0  0  0  -1  0   5  0  0  4  0  0/0    17:18   1:55   0:00 
Stephen Weiss            0  1  1   0  0   1  2  0  0  0  8/17   20:56   2:03   0:00 
T.J. Brennan             0  0  0   0  2   1  1  2  0  1  0/0    20:06   1:56   0:00 
Tom Gilbert              0  0  0  -1  2   2  1  3  0  2  0/0    20:12   2:02   1:16 

Players Stats for Canucks

Player Name              G  A  P  +/- PIM S  H  SB GA TA FO     MP     PP MP  PK MP  
------------------------------------------------------------------------------------
Andrei Markov            0  1  1   2  0   3  2  4  0  0  0/0    23:53   0:59   3:00 
Boyd Gordon              0  1  1   2  0   0  0  1  2  0  7/14   18:24   0:00   3:28 
Brendan Gallagher        0  0  0  -1  0   3  1  0  3  0  1/2    16:12   0:57   0:00 
Christopher Tanev        0  0  0   0  0   4  0  0  0  1  0/0    20:02   1:05   0:30 
Clarke MacArthur         1  0  1  -1  0   3  2  1  5  0  0/0    17:02   1:07   0:18 
Cody Hodgson             1  0  1   1  0   5  3  0  6  1  10/15  17:20   0:57   0:00 
Colby Robak              0  0  0   0  0   1  1  0  0  0  0/0    15:36   0:00   0:00 
James Wright             1  0  1   1  0   2  0  1  0  1  0/0    11:19   0:00   3:28 
Jared Cowen              0  0  0   0  2   1  2  2  0  3  0/0    16:30   0:00   0:28 
Kyle Brodziak            0  0  0   0  0   1  0  0  1  0  2/2     7:34   0:00   0:12 
Lance Bouma              0  0  0   1  0   1  1  0  0  1  0/1    15:13   0:00   0:18 
Mason Raymond            0  1  1   1  0   1  1  0  6  0  0/0    15:13   0:00   0:00 
Michael Grabner          0  0  0   1  0   0  1  0  1  0  0/0    17:31   1:07   0:00 
Niklas Hjalmarsson       0  1  1   0  0   0  1  0  0  2  0/0    20:30   1:05   0:58 
Pavel Datsyuk            0  1  1  -1  0   1  0  0  4  0  10/14  21:55   1:07   0:12 
Ryane Clowe              0  1  1   1  2   0  1  0  1  0  0/0    17:48   0:57   0:00 
Victor Hedman            1  0  1   2  0   2  1  1  0  1  0/0    23:53   0:59   3:00 
Zack Kassian             0  0  0   0  0   0  0  0  0  0  0/0     0:00   0:00   0:00 

3 Stars

1 - Ben Bishop (Van)
2 - Victor Hedman (Van)
3 - Cody Hodgson (Van)

Power Play

Coyotes - 0 on 2 Attempt(s) - 0.00%
Canucks - 1 on 2 Attempt(s) - 50.00%

Penalty Kill

Coyotes - 1 on 2 Attempt(s) - 50.00% - Score 0 goal in Penalty Kill
Canucks - 2 on 2 Attempt(s) - 100.00% - Score 1 goal in Penalty Kill

Official

Referees : Unknown
Linesman : Unknown

Game Notes

Malcolm Subban is injured at 18:58 of 3rd period (Left Knee)
Carter Hutton enters game at 18:58 of 3rd period

Finance

Level 1 -- Attendance: 4495 (74.92%) -- Ticket Income $449,500
Level 2 -- Attendance: 3994 (79.88%) -- Ticket Income $239,640
Level 3 -- Attendance: 1573 (78.65%) -- Ticket Income $55,055
Level 4 -- Attendance: 2761 (69.03%) -- Ticket Income $55,220
Luxury Box -- Attendance: 777 (77.70%) -- Ticket Income $155,400
Game was played at the Rogers Place
Total Attendance: 13600 (75.56%)
Total Ticket Income: $954,815
Other Income: $467,859
Total Income: $1,422,674

Coyotes

5 vs 5 Forward 
   Center                   Left Wing                Right Wing               Time % Phy DF OF 
 1 Stephen Weiss            Jaden Schwartz           David Jones              35     1   2  2  
 2 Joakim Andersson         Eric Nystrom             Pierre-Marc Bouchard     30     1   2  2  
 3 Markus Granlund          Paul Byron               Aaron Palushaj           22     1   2  2  
 4 Markus Granlund          Dale Weise               Drayson Bowman           13     1   2  2  

5 vs 5 Defense 
   Defense                  Defense                                           Time % Phy DF OF 
 1 Tom Gilbert              Michael Kostka                                    35     1   2  2  
 2 Mark Borowiecki          T.J. Brennan                                      30     1   2  2  
 3 Evan Oberg               Matt Gilroy                                       22     1   2  2  
 4 Mark Borowiecki          Michael Kostka                                    13     1   2  2  

PowerPlay Forward 
   Center                   Left Wing                Right Wing               Time % Phy DF OF 
 1 Stephen Weiss            Jaden Schwartz           David Jones              60     1   2  2  
 2 Markus Granlund          Pierre-Marc Bouchard     Eric Nystrom             40     1   2  2  

PowerPlay Defense
   Defense                  Defense                                           Time % Phy DF OF 
 1 Tom Gilbert              Michael Kostka                                    60     1   2  2  
 2 Mark Borowiecki          T.J. Brennan                                      40     1   2  2  

Penalty Kill 4 Players Forward 
   Center                   Wing                     Time % Phy DF OF 
 1 Markus Granlund          Eric Nystrom             60     1   2  2  
 2 Stephen Weiss            Jaden Schwartz           40     1   2  2  

Penalty Kill 4 Players Defense
   Defense                  Defense                  Time % Phy DF OF 
 1 Mark Borowiecki          Tom Gilbert              60     1   2  2  
 2 Evan Oberg               Michael Kostka           40     1   2  2  

Penalty Kill - 3 Players Forward 
   Forward                                           Time % Phy DF OF 
 1 Markus Granlund                                   60     1   2  2  
 2 Stephen Weiss                                     40     1   2  2  

Penalty Kill - 3 Players Defense
   Defense                  Defense                  Time % Phy DF OF 
 1 Mark Borowiecki          Tom Gilbert              60     1   2  2  
 2 Evan Oberg               Michael Kostka           40     1   2  2  

4 vs 4 Forward 
   Center                   Wing                     Time % Phy DF OF 
 1 Dale Weise               Jaden Schwartz           60     1   2  2  
 2 Stephen Weiss            David Jones              40     1   2  2  

4 vs 4 Defense
   Defense                  Defense                  Time % Phy DF OF 
 1 Tom Gilbert              Michael Kostka           60     1   2  2  
 2 Evan Oberg               Mark Borowiecki          40     1   2  2  

Last Minutes Offensive
   Center                   Left Wing                Right Wing               Defense                  Defense                  
   Stephen Weiss            Jaden Schwartz           Joakim Andersson         Tom Gilbert              Michael Kostka           

Last Minutes Defensive
   Center                   Left Wing                Right Wing               Defense                  Defense                  
   Joakim Andersson         Jaden Schwartz           Eric Nystrom             Mark Borowiecki          Tom Gilbert              

Goaltenders
Starting : Malcolm Subban           
Backup : Carter Hutton            

Extra Forwards
Normal : Pierre-Marc Bouchard, Stephen Weiss, Eric Nystrom - PP : Stephen Weiss, Eric Nystrom - PK : Jaden Schwartz
Extra Defensemen
Normal : Tom Gilbert, Mark Borowiecki, Evan Oberg - PP : Evan Oberg - PK : Mark Borowiecki, Evan Oberg
Penalty Shots
Jaden Schwartz, David Jones, Eric Nystrom, Pierre-Marc Bouchard, Markus Granlund

Canucks

5 vs 5 Forward 
   Center                   Left Wing                Right Wing               Time % Phy DF OF 
 1 Pavel Datsyuk            Clarke MacArthur         Brendan Gallagher        35     1   2  2  
 2 Cody Hodgson             Ryane Clowe              Michael Grabner          30     1   2  2  
 3 Boyd Gordon              Mason Raymond            Lance Bouma              22     1   2  2  
 4 Kyle Brodziak            James Wright             Pavel Datsyuk            13     1   2  2  

5 vs 5 Defense 
   Defense                  Defense                                           Time % Phy DF OF 
 1 Andrei Markov            Victor Hedman                                     35     1   2  2  
 2 Niklas Hjalmarsson       Christopher Tanev                                 30     1   2  2  
 3 Jared Cowen              Colby Robak                                       22     1   2  2  
 4 Andrei Markov            Victor Hedman                                     13     1   2  2  

PowerPlay Forward 
   Center                   Left Wing                Right Wing               Time % Phy DF OF 
 1 Pavel Datsyuk            Clarke MacArthur         Michael Grabner          60     1   2  2  
 2 Cody Hodgson             Ryane Clowe              Brendan Gallagher        40     1   2  2  

PowerPlay Defense
   Defense                  Defense                                           Time % Phy DF OF 
 1 Andrei Markov            Victor Hedman                                     60     1   2  2  
 2 Niklas Hjalmarsson       Christopher Tanev                                 40     1   2  2  

Penalty Kill 4 Players Forward 
   Center                   Wing                     Time % Phy DF OF 
 1 Boyd Gordon              James Wright             60     1   2  2  
 2 Kyle Brodziak            Pavel Datsyuk            40     1   2  2  

Penalty Kill 4 Players Defense
   Defense                  Defense                  Time % Phy DF OF 
 1 Andrei Markov            Victor Hedman            60     1   2  2  
 2 Niklas Hjalmarsson       Jared Cowen              40     1   2  2  

Penalty Kill - 3 Players Forward 
   Forward                                           Time % Phy DF OF 
 1 Boyd Gordon                                       60     1   2  2  
 2 Kyle Brodziak                                     40     1   2  2  

Penalty Kill - 3 Players Defense
   Defense                  Defense                  Time % Phy DF OF 
 1 Andrei Markov            Victor Hedman            60     1   2  2  
 2 Niklas Hjalmarsson       Jared Cowen              40     1   2  2  

4 vs 4 Forward 
   Center                   Wing                     Time % Phy DF OF 
 1 Pavel Datsyuk            Clarke MacArthur         60     1   2  2  
 2 Cody Hodgson             Ryane Clowe              40     1   2  2  

4 vs 4 Defense
   Defense                  Defense                  Time % Phy DF OF 
 1 Andrei Markov            Victor Hedman            60     1   2  2  
 2 Niklas Hjalmarsson       Christopher Tanev        40     1   2  2  

Last Minutes Offensive
   Center                   Left Wing                Right Wing               Defense                  Defense                  
   Pavel Datsyuk            Ryane Clowe              Brendan Gallagher        Andrei Markov            Victor Hedman            

Last Minutes Defensive
   Center                   Left Wing                Right Wing               Defense                  Defense                  
   Boyd Gordon              James Wright             Kyle Brodziak            Andrei Markov            Victor Hedman            

Goaltenders
Starting : Ben Bishop               
Backup : Jake Allen               

Extra Forwards
Normal : Mason Raymond, Brendan Gallagher, Pavel Datsyuk - PP : Mason Raymond, Brendan Gallagher - PK : Lance Bouma
Extra Defensemen
Normal : Jared Cowen, Christopher Tanev, Niklas Hjalmarsson - PP : Jared Cowen - PK : Christopher Tanev, Niklas Hjalmarsson
Penalty Shots
Pavel Datsyuk, Mason Raymond, Michael Grabner, Cody Hodgson, Kyle Brodziak

% Time on Ice - Coyotes

Lines # - Real PCT - Wanted PCT - Time Play
Normal Forward
1 - 34% - 35% - 18:30
2 - 29% - 30% - 15:23
3 - 21% - 22% - 11:18
4 - 16% - 13% - 8:47
Normal Defense
1 - 31% - 35% - 16:56
2 - 34% - 30% - 18:11
3 - 28% - 22% - 15:18
4 - 7% - 13% - 3:33
PP Forward
1 - 52% - 60% - 2:03
2 - 48% - 40% - 1:55
PP Defense
1 - 51% - 60% - 2:02
2 - 49% - 40% - 1:56
PK Forward
1 - 100% - 60% - 2:04
2 - 0% - 40% - 0:00
PK Defense
1 - 65% - 60% - 1:21
2 - 35% - 40% - 0:43
PK3 Forward
1 - 0% - 60%
2 - 0% - 40%
PK3 Defense
1 - 0% - 60%
2 - 0% - 40%
44 Forward
1 - 0% - 60%
2 - 0% - 40%
44 Defense
1 - 0% - 60%
2 - 0% - 40%
Last Minute Offensive  - 0:00
Last Minute Defensive  - 0:00
Total
Forward - 60:00
Defense - 60:00

% Time on Ice - Canucks

Lines # - Real PCT - Wanted PCT - Time Play
Normal Forward
1 - 30% - 35% - 16:07
2 - 30% - 30% - 16:23
3 - 26% - 22% - 14:06
4 - 14% - 13% - 7:22
Normal Defense
1 - 30% - 35% - 16:18
2 - 34% - 30% - 18:27
3 - 29% - 22% - 15:36
4 - 7% - 13% - 3:37
PP Forward
1 - 54% - 60% - 1:07
2 - 46% - 40% - 0:57
PP Defense
1 - 48% - 60% - 0:59
2 - 52% - 40% - 1:05
PK Forward
1 - 95% - 60% - 3:46
2 - 5% - 40% - 0:12
PK Defense
1 - 76% - 60% - 3:00
2 - 24% - 40% - 0:58
PK3 Forward
1 - 0% - 60%
2 - 0% - 40%
PK3 Defense
1 - 0% - 60%
2 - 0% - 40%
44 Forward
1 - 0% - 60%
2 - 0% - 40%
44 Defense
1 - 0% - 60%
2 - 0% - 40%
Last Minute Offensive  - 0:00
Last Minute Defensive  - 0:00
Total
Forward - 60:00
Defense - 60:00

Play by Play

1st period


0:01 of 1st period - Pavel Datsyuk wins face-off versus Stephen Weiss in neutral zone.
0:52 of 1st period - Snap shot by Cody Hodgson.
0:52 of 1st period - Deflect By Ryane Clowe.
0:52 of 1st period - Shot Misses the Net.
0:52 of 1st period - Puck is out of play.
0:53 of 1st period - Cody Hodgson wins face-off versus Joakim Andersson in Coyotes zone.
0:54 of 1st period - Slapshot by Ryane Clowe.
0:54 of 1st period - Shot Misses the Net.
1:24 of 1st period - Snap shot by Cody Hodgson.
1:24 of 1st period - Shot Blocked by T.J. Brennan.
1:26 of 1st period - Slapshot by Christopher Tanev.
1:26 of 1st period - Shot Misses the Net.
2:03 of 1st period - Paul Byron is hit by Mason Raymond and loses puck.
2:08 of 1st period - Snap shot by Mason Raymond.
2:08 of 1st period - Shot Misses the Net.
2:10 of 1st period - Slapshot by Colby Robak.
2:10 of 1st period - Stopped by Malcolm Subban without a rebound.
2:11 of 1st period - Kyle Brodziak wins face-off versus Stephen Weiss in Coyotes zone.
2:46 of 1st period - Slapshot by Jaden Schwartz.
2:46 of 1st period - Shot Misses the Net.
2:58 of 1st period - Wrist shot by Markus Granlund.
2:58 of 1st period - Shot Misses the Net.
3:00 of 1st period - Slapshot by Matt Gilroy.
3:00 of 1st period - Shot Misses the Net.
3:02 of 1st period - Slapshot by Matt Gilroy.
3:02 of 1st period - Stopped by Ben Bishop without a rebound.
3:03 of 1st period - Cody Hodgson wins face-off versus Markus Granlund in Canucks zone.
4:46 of 1st period - Snap shot by Clarke MacArthur.
4:46 of 1st period - Shot Misses the Net.
4:48 of 1st period - Slapshot by Jared Cowen.
4:48 of 1st period - Stopped by Malcolm Subban with a rebound.
4:50 of 1st period - Snap shot by Jared Cowen.
4:50 of 1st period - Shot Misses the Net.
5:10 of 1st period - Snap shot by Clarke MacArthur.
5:10 of 1st period - Shot Blocked by Mark Borowiecki.
5:44 of 1st period - Wrist shot by Victor Hedman.
5:44 of 1st period - Deflect By Cody Hodgson.
5:44 of 1st period - Shot Misses the Net.
5:44 of 1st period - Puck is out of play.
5:45 of 1st period - Cody Hodgson wins face-off versus Joakim Andersson in Coyotes zone.
6:06 of 1st period - Snap shot by Joakim Andersson.
6:06 of 1st period - Shot Misses the Net.
6:26 of 1st period - Slapshot by Victor Hedman.
6:26 of 1st period - Goal by Victor Hedman - Coyotes : 0 - Canucks : 1.
6:27 of 1st period - Stephen Weiss wins face-off versus Lance Bouma in neutral zone.
6:38 of 1st period - Snap shot by David Jones.
6:38 of 1st period - Shot Misses the Net.
8:10 of 1st period - Slapshot by Michael Kostka.
8:10 of 1st period - Shot Blocked by Andrei Markov.
9:02 of 1st period - Slapshot by Markus Granlund.
9:02 of 1st period - Stopped by Ben Bishop without a rebound.
9:03 of 1st period - Boyd Gordon wins face-off versus Jaden Schwartz in Canucks zone.
9:16 of 1st period - Slapshot by Jaden Schwartz.
9:16 of 1st period - Stopped by Ben Bishop with a rebound.
10:22 of 1st period - Icing by Colby Robak.
10:23 of 1st period - Joakim Andersson wins face-off versus Cody Hodgson in Canucks zone.
10:24 of 1st period - Wrist shot by Pierre-Marc Bouchard.
10:24 of 1st period - Shot Misses the Net.
10:26 of 1st period - Wrist shot by Pierre-Marc Bouchard.
10:26 of 1st period - Stopped by Ben Bishop with a rebound.
10:28 of 1st period - Snap shot by Joakim Andersson.
10:28 of 1st period - Shot Misses the Net.
11:32 of 1st period - Jaden Schwartz is hit by Andrei Markov.
11:48 of 1st period - Slapshot by Andrei Markov.
11:48 of 1st period - Stopped by Malcolm Subban with a rebound.
11:58 of 1st period - Snap shot by Pavel Datsyuk.
11:58 of 1st period - Stopped by Malcolm Subban without a rebound.
11:59 of 1st period - Kyle Brodziak wins face-off versus Markus Granlund in Coyotes zone.
12:19 of 1st period - Slapshot by Markus Granlund.
12:19 of 1st period - Stopped by Ben Bishop with a rebound.
12:51 of 1st period - Joakim Andersson is hit by Michael Grabner and loses puck.
13:02 of 1st period - Wrist shot by Mason Raymond.
13:02 of 1st period - Shot Misses the Net.
15:26 of 1st period - Off-side.
15:27 of 1st period - Cody Hodgson wins face-off versus Markus Granlund in neutral zone.
15:43 of 1st period - Icing by Drayson Bowman.
15:44 of 1st period - Cody Hodgson wins face-off versus Markus Granlund in Coyotes zone.
16:35 of 1st period - Joakim Andersson is hit by Clarke MacArthur.
16:43 of 1st period - Pierre-Marc Bouchard is hit by Clarke MacArthur.
17:17 of 1st period - James Wright is hit by David Jones and loses puck.
17:42 of 1st period - Snap shot by Lance Bouma.
17:42 of 1st period - Stopped by Malcolm Subban without a rebound.
17:43 of 1st period - Boyd Gordon wins face-off versus Joakim Andersson in Coyotes zone.
17:58 of 1st period - Slapshot by Mason Raymond.
17:58 of 1st period - Shot Misses the Net.
18:32 of 1st period - Paul Byron is hit by Colby Robak and loses puck.
18:39 of 1st period - Michael Grabner is hit by Stephen Weiss and loses puck.
18:57 of 1st period - Snap shot by Markus Granlund.
18:57 of 1st period - Stopped by Ben Bishop with a rebound.
19:24 of 1st period - Wrist shot by Jaden Schwartz.
19:24 of 1st period - Shot Blocked by Jared Cowen.
19:26 of 1st period - Snap shot by Jaden Schwartz.
19:26 of 1st period - Stopped by Ben Bishop without a rebound.
19:27 of 1st period - Pavel Datsyuk wins face-off versus Stephen Weiss in Canucks zone.
Goals for this period are 0 for Coyotes vs 1 for Canucks.
Shots for this period are 7 for Coyotes vs 6 for Canucks.

2nd period


0:01 of 2nd period - Pavel Datsyuk wins face-off versus Markus Granlund in neutral zone.
1:41 of 2nd period - Off-side.
1:42 of 2nd period - Joakim Andersson wins face-off versus Boyd Gordon in neutral zone.
1:45 of 2nd period - Slapshot by Pierre-Marc Bouchard.
1:45 of 2nd period - Stopped by Ben Bishop with a rebound.
2:54 of 2nd period - Slapshot by Andrei Markov.
2:54 of 2nd period - Stopped by Malcolm Subban without a rebound.
2:55 of 2nd period - Cody Hodgson wins face-off versus Stephen Weiss in Coyotes zone.
3:14 of 2nd period - Michael Grabner is hit by Stephen Weiss.
3:18 of 2nd period - Snap shot by David Jones.
3:18 of 2nd period - Shot Misses the Net.
3:20 of 2nd period - Slapshot by Matt Gilroy.
3:20 of 2nd period - Stopped by Ben Bishop without a rebound.
3:21 of 2nd period - Pavel Datsyuk wins face-off versus Markus Granlund in Canucks zone.
3:33 of 2nd period - Slapshot by Pavel Datsyuk.
3:33 of 2nd period - Shot Misses the Net.
3:35 of 2nd period - Snap shot by Victor Hedman.
3:35 of 2nd period - Stopped by Malcolm Subban with a rebound.
3:37 of 2nd period - Snap shot by Brendan Gallagher.
3:37 of 2nd period - Shot Blocked by T.J. Brennan.
3:39 of 2nd period - Slapshot by Clarke MacArthur.
3:39 of 2nd period - Shot Blocked by Mark Borowiecki.
3:59 of 2nd period - Minor Penalty to T.J. Brennan for High sticking.
4:00 of 2nd period - Cody Hodgson wins face-off versus Markus Granlund in Coyotes zone.
4:09 of 2nd period - Wrist shot by Cody Hodgson.
4:09 of 2nd period - Stopped by Malcolm Subban with a rebound.
4:11 of 2nd period - Slapshot by Christopher Tanev.
4:11 of 2nd period - Stopped by Malcolm Subban with a rebound.
4:13 of 2nd period - Slapshot by Christopher Tanev.
4:13 of 2nd period - Stopped by Malcolm Subban without a rebound.
4:14 of 2nd period - Cody Hodgson wins face-off versus Markus Granlund in Coyotes zone.
4:21 of 2nd period - Snap shot by Cody Hodgson.
4:21 of 2nd period - Shot Blocked by Tom Gilbert.
4:25 of 2nd period - Wrist shot by Cody Hodgson.
4:25 of 2nd period - Shot Blocked by Mark Borowiecki.
4:27 of 2nd period - Slapshot by Christopher Tanev.
4:27 of 2nd period - Deflect By Brendan Gallagher.
4:27 of 2nd period - Stopped by Malcolm Subban with a rebound.
4:29 of 2nd period - Slapshot by Niklas Hjalmarsson.
4:29 of 2nd period - Deflect By Cody Hodgson.
4:29 of 2nd period - Stopped by Malcolm Subban without a rebound.
4:30 of 2nd period - Pavel Datsyuk wins face-off versus Markus Granlund in Coyotes zone.
5:00 of 2nd period - Wrist shot by Clarke MacArthur.
5:00 of 2nd period - Shot Blocked by Mark Borowiecki.
5:22 of 2nd period - Eric Nystrom is hit by Ryane Clowe and loses puck.
5:36 of 2nd period - Off-side.
5:37 of 2nd period - Pavel Datsyuk wins face-off versus Markus Granlund in neutral zone.
5:59 of 2nd period - Penalty to T.J. Brennan is over, T.J. Brennan is back on ice.
6:20 of 2nd period - Wrist shot by Mason Raymond.
6:20 of 2nd period - Stopped by Malcolm Subban with a rebound.
7:09 of 2nd period - Stephen Weiss is hit by Cody Hodgson and loses puck.
7:30 of 2nd period - Wrist shot by James Wright.
7:30 of 2nd period - Shot Misses the Net.
7:32 of 2nd period - Snap shot by Kyle Brodziak.
7:32 of 2nd period - Shot Misses the Net.
7:34 of 2nd period - Snap shot by James Wright.
7:34 of 2nd period - Stopped by Malcolm Subban with a rebound.
7:41 of 2nd period - Minor Penalty to Jared Cowen for Hooking.
7:42 of 2nd period - Boyd Gordon wins face-off versus Stephen Weiss in Canucks zone.
8:04 of 2nd period - Wrist shot by Andrei Markov.
8:04 of 2nd period - Shot Blocked by Mark Borowiecki.
8:06 of 2nd period - Snap shot by Boyd Gordon.
8:06 of 2nd period - Shot Misses the Net.
8:08 of 2nd period - Slapshot by Andrei Markov.
8:08 of 2nd period - Deflect By David Jones.
8:08 of 2nd period - Stopped by Malcolm Subban with a rebound.
8:10 of 2nd period - Wrist shot by James Wright.
8:10 of 2nd period - Goal by James Wright - Coyotes : 0 - Canucks : 2.
8:11 of 2nd period - Stephen Weiss wins face-off versus Boyd Gordon in neutral zone.
8:28 of 2nd period - Slapshot by David Jones.
8:28 of 2nd period - Shot Blocked by James Wright.
8:30 of 2nd period - Snap shot by Jaden Schwartz.
8:30 of 2nd period - Shot Misses the Net.
9:41 of 2nd period - Penalty to Jared Cowen is over, Jared Cowen is back on ice.
10:06 of 2nd period - Markus Granlund is hit by Jared Cowen and loses puck.
11:51 of 2nd period - Slapshot by Christopher Tanev.
11:51 of 2nd period - Shot Misses the Net.
12:03 of 2nd period - Snap shot by Aaron Palushaj.
12:03 of 2nd period - Shot Misses the Net.
12:15 of 2nd period - Slapshot by Pierre-Marc Bouchard.
12:15 of 2nd period - Stopped by Ben Bishop with a rebound.
12:17 of 2nd period - Slapshot by Tom Gilbert.
12:17 of 2nd period - Stopped by Ben Bishop with a rebound.
12:19 of 2nd period - Slapshot by Tom Gilbert.
12:19 of 2nd period - Deflect By Joakim Andersson.
12:19 of 2nd period - Stopped by Ben Bishop without a rebound.
12:20 of 2nd period - Joakim Andersson wins face-off versus Cody Hodgson in Canucks zone.
12:49 of 2nd period - Jaden Schwartz is hit by Cody Hodgson and loses puck.
13:00 of 2nd period - David Jones is hit by Andrei Markov and loses puck.
13:49 of 2nd period - Off-side.
13:50 of 2nd period - Stephen Weiss wins face-off versus Cody Hodgson in neutral zone.
14:05 of 2nd period - Slapshot by Cody Hodgson.
14:05 of 2nd period - Shot Misses the Net.
14:19 of 2nd period - Snap shot by Mason Raymond.
14:19 of 2nd period - Shot Blocked by Drayson Bowman.
14:21 of 2nd period - Wrist shot by Mason Raymond.
14:21 of 2nd period - Shot Blocked by Evan Oberg.
15:54 of 2nd period - Jaden Schwartz is hit by Jared Cowen and loses puck.
16:18 of 2nd period - Snap shot by Pierre-Marc Bouchard.
16:18 of 2nd period - Stopped by Ben Bishop with a rebound.
16:58 of 2nd period - Wrist shot by Cody Hodgson.
16:58 of 2nd period - Deflect By Ryane Clowe.
16:58 of 2nd period - Shot Misses the Net.
16:58 of 2nd period - Puck is out of play.
16:59 of 2nd period - Markus Granlund wins face-off versus Cody Hodgson in Coyotes zone.
18:02 of 2nd period - Victor Hedman is hit by Aaron Palushaj and loses puck.
Goals for this period are 0 for Coyotes vs 1 for Canucks.
Shots for this period are 6 for Coyotes vs 11 for Canucks.

3rd period


0:01 of 3rd period - Stephen Weiss wins face-off versus Pavel Datsyuk in neutral zone.
1:58 of 3rd period - Minor Penalty to Tom Gilbert for Hooking.
1:59 of 3rd period - Pavel Datsyuk wins face-off versus Markus Granlund in Coyotes zone.
1:59 of 3rd period - Wrist shot by Clarke MacArthur.
1:59 of 3rd period - Shot Blocked by Mark Borowiecki.
2:03 of 3rd period - Slapshot by Clarke MacArthur.
2:03 of 3rd period - Goal by Clarke MacArthur - Coyotes : 0 - Canucks : 3.
2:04 of 3rd period - Brendan Gallagher wins face-off versus Markus Granlund in neutral zone.
2:25 of 3rd period - Slapshot by Michael Kostka.
2:25 of 3rd period - Shot Blocked by Clarke MacArthur.
2:27 of 3rd period - Slapshot by Tom Gilbert.
2:27 of 3rd period - Stopped by Ben Bishop without a rebound.
2:28 of 3rd period - Stephen Weiss wins face-off versus Cody Hodgson in Canucks zone.
2:29 of 3rd period - Slapshot by Jaden Schwartz.
2:29 of 3rd period - Shot Misses the Net.
3:02 of 3rd period - Minor Penalty to Ryane Clowe for High sticking.
3:03 of 3rd period - Markus Granlund wins face-off versus Boyd Gordon in Canucks zone.
3:03 of 3rd period - Snap shot by Pierre-Marc Bouchard.
3:03 of 3rd period - Stopped by Ben Bishop with a rebound.
3:29 of 3rd period - Wrist shot by Pierre-Marc Bouchard.
3:29 of 3rd period - Shot Blocked by Victor Hedman.
4:05 of 3rd period - Slapshot by Jaden Schwartz.
4:05 of 3rd period - Deflect By Andrei Markov.
4:05 of 3rd period - Stopped by Ben Bishop without a rebound.
4:06 of 3rd period - Stephen Weiss wins face-off versus Boyd Gordon in Canucks zone.
4:07 of 3rd period - Snap shot by Jaden Schwartz.
4:07 of 3rd period - Stopped by Ben Bishop without a rebound.
4:08 of 3rd period - Boyd Gordon wins face-off versus David Jones in Canucks zone.
4:27 of 3rd period - Slapshot by Jaden Schwartz.
4:27 of 3rd period - Shot Misses the Net.
4:29 of 3rd period - Wrist shot by Jaden Schwartz.
4:29 of 3rd period - Shot Blocked by Jared Cowen.
4:31 of 3rd period - Backhand shot by Mark Borowiecki.
4:31 of 3rd period - Shot Blocked by Boyd Gordon.
4:33 of 3rd period - Wrist shot by Stephen Weiss.
4:33 of 3rd period - Deflect By Boyd Gordon.
4:33 of 3rd period - Stopped by Ben Bishop without a rebound.
4:34 of 3rd period - Boyd Gordon wins face-off versus Markus Granlund in Canucks zone.
4:34 of 3rd period - Boyd Gordon is hit by Tom Gilbert.
4:39 of 3rd period - Andrei Markov is hit by Michael Kostka and loses puck.
5:02 of 3rd period - Penalty to Ryane Clowe is over, Ryane Clowe is back on ice.
5:25 of 3rd period - James Wright is hit by Markus Granlund and loses puck.
5:30 of 3rd period - Snap shot by Aaron Palushaj.
5:30 of 3rd period - Deflect By Andrei Markov.
5:30 of 3rd period - Shot Misses the Net.
5:30 of 3rd period - Puck is out of play.
5:31 of 3rd period - Markus Granlund wins face-off versus Pavel Datsyuk in Canucks zone.
5:42 of 3rd period - Wrist shot by Aaron Palushaj.
5:42 of 3rd period - Stopped by Ben Bishop without a rebound.
5:43 of 3rd period - Stephen Weiss wins face-off versus Brendan Gallagher in Canucks zone.
5:54 of 3rd period - Snap shot by David Jones.
5:54 of 3rd period - Goal by David Jones - Coyotes : 1 - Canucks : 3.
5:55 of 3rd period - Pavel Datsyuk wins face-off versus Stephen Weiss in neutral zone.
6:03 of 3rd period - Off-side.
6:04 of 3rd period - Stephen Weiss wins face-off versus Pavel Datsyuk in neutral zone.
7:01 of 3rd period - Snap shot by Cody Hodgson.
7:01 of 3rd period - Shot Misses the Net.
7:03 of 3rd period - Wrist shot by Christopher Tanev.
7:03 of 3rd period - Shot Blocked by Joakim Andersson.
7:05 of 3rd period - Slapshot by Christopher Tanev.
7:05 of 3rd period - Deflect By Tom Gilbert.
7:05 of 3rd period - Stopped by Malcolm Subban with a rebound.
7:07 of 3rd period - Snap shot by Niklas Hjalmarsson.
7:07 of 3rd period - Shot Blocked by Tom Gilbert.
7:09 of 3rd period - Slapshot by Christopher Tanev.
7:09 of 3rd period - Shot Blocked by Tom Gilbert.
7:11 of 3rd period - Slapshot by Niklas Hjalmarsson.
7:11 of 3rd period - Shot Blocked by Michael Kostka.
7:15 of 3rd period - Wrist shot by Cody Hodgson.
7:15 of 3rd period - Goal by Cody Hodgson - Coyotes : 1 - Canucks : 4.
7:16 of 3rd period - Boyd Gordon wins face-off versus Markus Granlund in neutral zone.
7:29 of 3rd period - Snap shot by Boyd Gordon.
7:29 of 3rd period - Shot Blocked by Markus Granlund.
7:35 of 3rd period - Slapshot by T.J. Brennan.
7:35 of 3rd period - Stopped by Ben Bishop without a rebound.
7:36 of 3rd period - Markus Granlund wins face-off versus Boyd Gordon in Canucks zone.
8:19 of 3rd period - Snap shot by David Jones.
8:19 of 3rd period - Stopped by Ben Bishop without a rebound.
8:20 of 3rd period - Pavel Datsyuk wins face-off versus Stephen Weiss in Canucks zone.
8:35 of 3rd period - Wrist shot by Jaden Schwartz.
8:35 of 3rd period - Shot Misses the Net.
8:37 of 3rd period - Slapshot by Tom Gilbert.
8:37 of 3rd period - Shot Misses the Net.
9:08 of 3rd period - Wrist shot by Cody Hodgson.
9:08 of 3rd period - Stopped by Malcolm Subban with a rebound.
10:00 of 3rd period - Wrist shot by Kyle Brodziak.
10:00 of 3rd period - Stopped by Malcolm Subban with a rebound.
10:48 of 3rd period - Christopher Tanev is hit by Mark Borowiecki and loses puck.
11:24 of 3rd period - Icing by Jared Cowen.
11:25 of 3rd period - Cody Hodgson wins face-off versus Stephen Weiss in Canucks zone.
12:46 of 3rd period - Snap shot by Brendan Gallagher.
12:46 of 3rd period - Deflect By Clarke MacArthur.
12:46 of 3rd period - Shot Misses the Net.
12:46 of 3rd period - Puck is out of play.
12:47 of 3rd period - Pavel Datsyuk wins face-off versus Markus Granlund in Coyotes zone.
13:03 of 3rd period - Snap shot by Brendan Gallagher.
13:03 of 3rd period - Stopped by Malcolm Subban without a rebound.
13:04 of 3rd period - Cody Hodgson wins face-off versus Markus Granlund in Coyotes zone.
13:05 of 3rd period - Wrist shot by Ryane Clowe.
13:05 of 3rd period - Shot Misses the Net.
13:25 of 3rd period - Snap shot by Cody Hodgson.
13:25 of 3rd period - Stopped by Malcolm Subban with a rebound.
13:47 of 3rd period - Victor Hedman is hit by T.J. Brennan and loses puck.
13:52 of 3rd period - Snap shot by Jaden Schwartz.
13:52 of 3rd period - Stopped by Ben Bishop with a rebound.
14:34 of 3rd period - Mark Borowiecki is hit by Niklas Hjalmarsson.
14:35 of 3rd period - Icing by Mark Borowiecki.
14:36 of 3rd period - Joakim Andersson wins face-off versus Boyd Gordon in Coyotes zone.
14:48 of 3rd period - Lance Bouma is hit by Mark Borowiecki and loses puck.
15:17 of 3rd period - Stephen Weiss is hit by Lance Bouma and loses puck.
15:40 of 3rd period - Wrist shot by Pavel Datsyuk.
15:40 of 3rd period - Shot Misses the Net.
15:42 of 3rd period - Wrist shot by Brendan Gallagher.
15:42 of 3rd period - Stopped by Malcolm Subban with a rebound.
15:44 of 3rd period - Slapshot by Christopher Tanev.
15:44 of 3rd period - Shot Misses the Net.
16:35 of 3rd period - Aaron Palushaj is hit by Victor Hedman and loses puck.
16:46 of 3rd period - Slapshot by Michael Kostka.
16:46 of 3rd period - Stopped by Ben Bishop without a rebound.
16:47 of 3rd period - Joakim Andersson wins face-off versus Boyd Gordon in Canucks zone.
17:17 of 3rd period - Snap shot by Pavel Datsyuk.
17:17 of 3rd period - Shot Misses the Net.
17:41 of 3rd period - T.J. Brennan is hit by Cody Hodgson and loses puck.
18:00 of 3rd period - Andrei Markov is hit by Mark Borowiecki.
18:50 of 3rd period - Snap shot by Brendan Gallagher.
18:50 of 3rd period - Deflect By Clarke MacArthur.
18:50 of 3rd period - Stopped by Malcolm Subban with a rebound.
18:52 of 3rd period - Slapshot by Christopher Tanev.
18:52 of 3rd period - Stopped by Malcolm Subban without a rebound.
18:53 of 3rd period - Boyd Gordon wins face-off versus Stephen Weiss in Coyotes zone.
18:56 of 3rd period - Snap shot by Brendan Gallagher.
18:56 of 3rd period - Shot Misses the Net.
18:58 of 3rd period - Wrist shot by Clarke MacArthur.
18:58 of 3rd period - Stopped by Malcolm Subban without a rebound.
18:58 of 3rd period - Malcolm Subban from Coyotes is injured at 18:58 of 3rd period (Left Knee).
18:58 of 3rd period - Carter Hutton enters game.
18:59 of 3rd period - David Jones wins face-off versus Pavel Datsyuk in Coyotes zone.
18:59 of 3rd period - David Jones is hit by Brendan Gallagher.
19:17 of 3rd period - Clarke MacArthur is hit by David Jones and loses puck.
19:26 of 3rd period - Snap shot by David Jones.
19:26 of 3rd period - Shot Blocked by Andrei Markov.
19:31 of 3rd period - Slapshot by Michael Kostka.
19:31 of 3rd period - Shot Blocked by Andrei Markov.
19:33 of 3rd period - Slapshot by Stephen Weiss.
19:33 of 3rd period - Shot Blocked by Andrei Markov.
Goals for this period are 1 for Coyotes vs 2 for Canucks.
Shots for this period are 11 for Coyotes vs 11 for Canucks.


Output by the SimonT Hockey Simulator (STHS) for Eric Dolegowski -- Original Page W3C XHTML 1.0 Valid
Hockey Simulator - Hockey Simulation - Hockey Manager